 Dungeon Crawl Stone Soup version 0.18-a0-2-g0e512fa (webtiles) character file.

53 Rationalist the Skirmisher (level 3, 0/29 HPs)
             Began as a Demonspawn Berserker on Oct 31, 2015.
             Was a Believer of Trog.
             Succumbed to an adder's poison
             ... on level 2 of the Dungeon.
             The game lasted 00:03:44 (2708 turns).

Rationalist the Skirmisher (Demonspawn Berserker)   Turns: 2708, Time: 00:03:45

Health: 0/29       AC:  4    Str: 17    XL:     3   Next: 62%
Magic:  3/3        EV: 13    Int: 21    God:    Trog [**....]
Gold:   90         SH:  0    Dex: 13    Spells: 0 memorised, 2 levels left

rFire  . . .     SeeInvis .     a - +0 hand axe
rCold  . . .     Clarity  .     b - +0 animal skin
rNeg   . . .     SustAt   .     (no shield)
rPois  .         Gourm    .     (no helmet)
rElec  .         Spirit   .     (no cloak)
rCorr  .         Warding  .     (no gloves)
rMut   .         Stasis   .     (no boots)
MR     .....                    (no amulet)
Stlth  +.........               s - +4 ring of intelligence
                                o - +4 ring of intelligence

@: brilliant, lethally poisoned (0 -> -15), exhausted, slowed, very slow, not
resistant to hostile enchantments, very unstealthy
A: yellow scales 1
a: Berserk, Trog's Hand, Burn Spellbooks, Renounce Religion


You were on level 2 of the Dungeon.
You worshipped Trog.
Trog was pleased with you.
You were near starving.

You visited 1 branch of the dungeon, and saw 2 of its levels.

You collected 90 gold pieces.

Inventory:

Hand Weapons
 a - a +0 hand axe (weapon)
Missiles
 d - 14 poisoned needles
 e - 25 bolts
 k - 4 curare-tipped needles
Armour
 b - a +0 animal skin (worn)
Jewellery
 l - an uncursed amulet of stasis {unknown}
 o - a +4 ring of intelligence (left hand)
 s - a +4 ring of intelligence (right hand)
Scrolls
 f - 2 scrolls of amnesia {unknown}
 m - a scroll of enchant weapon {unknown}
 n - a scroll of magic mapping {unknown}
 p - a scroll of blinking {unknown}
 q - a scroll of noise {unknown}
 r - a scroll of identify {unknown}
Potions
 g - a potion of curing {unknown}
 h - a potion of might {unknown}
 i - a potion of brilliance
Comestibles
 c - a bread ration
 j - a meat ration


   Skills:
 + Level 3.3 Fighting
 + Level 3.2 Axes
 + Level 1.9 Armour
 + Level 2.6 Dodging
 + Level 0.4 Stealth


You had 2 spell levels left.
You didn't know any spells.

Dungeon Overview and Level Annotations

Branches:
Dungeon (2/15)

Altars:
Ashenzari
Kikubaaqudgha


Innate Abilities, Weirdness & Mutations

You are partially covered in yellow scales (AC +2).


Message History

An adder comes into view.
An adder is nearby!
An adder is nearby!
You closely miss the adder. The adder barely misses you. The adder bites you.
* * * LOW HITPOINT WARNING * * *
You are lethally poisoned!
The adder poisons you!
You hit the adder but do no damage.
* * * LOW HITPOINT WARNING * * *
You feel sick. The adder bites you.
* * * LOW HITPOINT WARNING * * *
You are more poisoned.
The adder poisons you! The adder bites you.
* * * LOW HITPOINT WARNING * * *
You are more poisoned.
The adder poisons you!
Drink which item? (? for menu, Esc to quit)
It was a potion of brilliance.
You feel clever all of a sudden.
You die...

#.# #####.### #.# .......<.
#######.# # # .####.#.#
#.......#######.# #...#
#.......#....##.##### ######
#.......#....##...... .......
#.......#....#.....# #######
#......>...........###########
#.......#....@S..............#
#.......#....#......########.#
#...)........#......# #.#
#............#......# #.#
#............######.## #.#
######...#.########..#######.#
#........................
#.).#<########..........#
#...### #..........#


You could see an adder.

Vanquished Creatures
  An adder (D:2)
  3 worms (D:2)
  A giant gecko (D:1)
  5 giant cockroaches
  4 hobgoblins
  3 kobolds
  6 bats
  2 giant newts
  5 goblins
  6 rats
36 creatures vanquished.

Notes
Turn   | Place    | Note
--------------------------------------------------------------
     0 | D:1      | Rationalist the Demonspawn Berserker began the quest for the Orb.
     0 | D:1      | Reached XP level 1. HP: 18/18 MP: 1/1
    68 | D:1      | Found a shattered altar of Ashenzari.
   180 | D:1      | Gained mutation: You are partially covered in yellow scales (AC +2). [demonic ancestry]
   180 | D:1      | Reached XP level 2. HP: 8/24 MP: 2/2
  1306 | D:2      | Found an ancient bone altar of Kikubaaqudgha.
  1521 | D:2      | Reached ** piety under Trog
  1524 | D:2      | Reached XP level 3. HP: 11/29 MP: 3/3
  2708 | D:2      | Succumbed to an adder's poison

Vault maps used:
D:1:      dpeg_arrival_fog, hangedman_decor_opposing, evilmike_ruin_ashenzari
D:2:      nicolae_overflow_hidden_temple

Action                   || total
-------------------------++-------
Melee: Hand axe          ||   136
Invok: Berserk           ||     2
  Use: Potion            ||     1
  Eat: Chunk             ||     6
